[Event "Titled Tuesday Blitz June 21 Early 2022"]
[White "Sapunov, Evgeny"]
[Black "Ibrahimli, Murad"]
[WhiteFideId "4126661"]
[BlackFideId "13410229"]
[WhiteElo "2470"]
[BlackElo "2109"]
[Result "0-1"]
[Round "10"]
[TimeControl "180+1"]
[Date "2022.06.21"]
[WhiteClock "0:00:02"]
[BlackClock "0:00:03"]

1. c4 f5 2. Nf3 Nf6 3. Nc3 g6 4. g3 Bg7 5. Bg2 O-O 6. O-O d6 7. d3 e5 8. b4 h6 9. a4 g5 10. b5 Nbd7 11. Ba3 Rf7 12. Rc1 Nf8 13. Qb3 Be6 14. a5 Rb8 15. Nd2 Ng6 16. Nd5 h5 17. b6 axb6 18. axb6 c6 19. Nc7 Bc8 20. Bb2 h4 21. Nf3 Nh7 22. Ra1 hxg3 23. fxg3 g4 24. Nd2 Qg5 25. Bc1 Qd8 26. e3 Ng5 27. Bb2 Bh6 28. Rae1 Ne6 29. Nxe6 Bxe6 30. Bc3 Bg5 31. Qb2 Rh7 32. c5 Ra8 33. Nc4 Bxc4 34. dxc4 Rf7 35. Qc2 e4 36. Bxe4 fxe4 37. Qxe4 Rxf1+ 38. Rxf1 Qe8 39. Qxg4 Qxe3+ 40. Kh1 Rf8 41. Rxf8+ Kxf8 42. Bd4 Qe1+ 43. Kg2 Qd2+ 44. Kh3 dxc5 45. Bxc5+ Kg7 46. Qc8 Qe2 47. Qxb7+ Kh6 48. Qxc6 Qf1+ 49. Kg4 Qd1+ 50. Kh3 Qf1+ 51. Kg4 Qxc4+ 52. Kh3 Qf1+ 53. Kg4 Bf6 54. Qe4 Ne5+ 55. Qxe5 Bxe5 0-1


[Site "https://www.chess.com"]

[Event "Titled Tuesday Blitz June 21 Early 2022"]
[White "Sarana, Alexey"]
[Black "Paravyan, David"]
[WhiteFideId "24133795"]
[BlackFideId "4194985"]
[WhiteElo "2666"]
[BlackElo "2569"]
[Result "0-1"]
[Round "10"]
[TimeControl "180+1"]
[Date "2022.06.21"]
[WhiteClock "0:00:05"]
[BlackClock "0:00:10"]

1. d4 Nf6 2. c4 g6 3. Nc3 d5 4. Bf4 Bg7 5. e3 c5 6. dxc5 Qa5 7. Rc1 Nbd7 8. cxd5 O-O 9. f3 Nxc5 10. e4 Qb4 11. Qd2 Bd7 12. Nb5 Qxd2+ 13. Kxd2 Rac8 14. Nc3 e6 15. d6 e5 16. Be3 Rfd8 17. b4 Ne6 18. Nd5 Nxd5 19. exd5 Rxc1 20. Kxc1 Nd4 21. Bd3 Bf5 22. Bxf5 Nxf5 23. Bxa7 Nxd6 24. Ne2 Nc4 25. Bf2 Rxd5 26. Rd1 Bh6+ 27. f4 Rb5 28. Rd8+ Kg7 29. Kc2 exf4 30. Bd4+ f6 31. Kb3 Ne3 32. Bc5 Bg5 33. a4 Rxc5 34. bxc5 Nxg2 35. Rd7+ Kh6 36. Ng1 Ne1 37. Rxb7 f3 38. Nxf3 Nxf3 39. c6 Nd4+ 40. Kc4 Nxc6 41. Kb5 Nd4+ 42. Kc4 Nf3 43. Rb3 Nd2+ 44. Kb4 Nxb3 45. Kxb3 Be3 46. Kc4 Ba7 0-1


[Site "https://www.chess.com"]

[Event "Titled Tuesday Blitz June 21 Early 2022"]
[White "Sargsyan, Anna M."]
[Black "Sukandar, Irine Kharisma"]
[WhiteFideId "13308130"]
[BlackFideId "7101937"]
[WhiteElo "2271"]
[BlackElo "2293"]
[Result "1-0"]
[Round "10"]
[TimeControl "180+1"]
[Date "2022.06.22"]
[WhiteClock "0:00:21"]
[BlackClock "0:00:01"]

1. d4 d5 2. c4 dxc4 3. Nf3 Nf6 4. e3 e6 5. Bxc4 a6 6. O-O c5 7. Bd3 b5 8. a4 b4 9. Qe2 Bb7 10. Rd1 Nbd7 11. Nbd2 Be7 12. Nc4 O-O 13. Bd2 Qc7 14. Nfe5 Rfd8 15. Rac1 Rac8 16. a5 Nxe5 17. dxe5 Ne4 18. Be1 h6 19. f3 Ng5 20. Nb6 Rb8 21. Bxb4 Qxe5 22. Bc3 Qc7 23. Qc2 Bd6 24. f4 Bxf4 25. exf4 Qxf4 26. Qf2 Qg4 27. Qg3 Qh5 28. h4 c4 29. Bxc4 Rxd1+ 30. Rxd1 Qxd1+ 31. Kh2 Qh5 32. Qxb8+ Kh7 33. Bd3+ f5 34. Qg3 1-0


[Site "https://www.chess.com"]

[Event "Titled Tuesday Blitz June 21 Early 2022"]
[White "Sarkar, Justin"]
[Black "Lauridsen, Jesper Morch"]
[WhiteFideId "2010011"]
[BlackFideId "1401890"]
[WhiteElo "2020"]
[BlackElo "2227"]
[Result "1-0"]
[Round "10"]
[TimeControl "180+1"]
[Date "2022.06.22"]
[WhiteClock "0:00:18"]
[BlackClock "0:00:09"]

1. d4 Nf6 2. c4 g6 3. Nc3 Bg7 4. e4 O-O 5. h3 d6 6. Bg5 c5 7. d5 e6 8. Bd3 exd5 9. exd5 Re8+ 10. Nge2 Nbd7 11. f4 Qb6 12. Qc2 a6 13. O-O Qa7 14. a4 b6 15. f5 Nh5 16. fxg6 hxg6 17. Bxg6 Nhf6 18. Bf5 b5 19. axb5 Qc7 20. Ng3 Rb8 21. bxa6 Re5 22. Nb5 Rxb5 23. cxb5 Nb6 24. Bxf6 Bxf6 25. Bxc8 Bh4 26. Nf5 Bg5 27. Bb7 c4 28. Bc6 Qa7 29. Qf2 Rxf5 30. Qxf5 Nxd5+ 31. Kh1 1-0


[Site "https://www.chess.com"]

[Event "Titled Tuesday Blitz June 21 Early 2022"]
[White "Shton, Roman"]
[Black "Tinmaz, Kerem"]
[WhiteFideId "14137461"]
[BlackFideId "44559151"]
[WhiteElo "2013"]
[BlackElo "1443"]
[Result "0-1"]
[Round "10"]
[TimeControl "180+1"]
[Date "2022.06.22"]
[WhiteClock "0:01:06"]
[BlackClock "0:00:12"]

1. d4 d5 2. Nf3 Nf6 3. g3 Bf5 4. Bg2 e6 5. c4 c6 6. Nc3 Nbd7 7. Qb3 Qb6 8. c5 Qa6 9. Bf1 b5 10. cxb6 Qxb6 11. Bf4 Ne4 12. Na4 Bb4+ 13. Nd2 Qa5 14. Nc3 Nxc3 15. bxc3 Bxc3 16. Rc1 Bxd4 17. e3 Bc5 18. Bg2 O-O 19. Qc2 Bb4 20. Qd1 c5 21. e4 Bxe4 22. Bxe4 dxe4 23. O-O Nf6 24. Nc4 Qa6 25. Qc2 Rfd8 26. Rfe1 Bxe1 27. Rxe1 Rd4 28. Ne5 Qa4 29. Qe2 Rad8 30. h4 h6 31. Be3 Rb4 32. Bxc5 Rb7 33. Rc1 Qb5 34. Qe3 Rc8 35. Kg2 Rbc7 36. Ba3 Rxc1 37. Bxc1 Qxe5 38. a4 Nd5 39. Qc5 Rxc5 0-1


[Site "https://www.chess.com"]

[Event "Titled Tuesday Blitz June 21 Early 2022"]
[White "Svane, Frederik"]
[Black "Jobava, Baadur"]
[WhiteFideId "12923044"]
[BlackFideId "13601520"]
[WhiteElo "2459"]
[BlackElo "2617"]
[Result "1-0"]
[Round "10"]
[TimeControl "180+1"]
[Date "2022.06.21"]
[WhiteClock "0:00:43"]
[BlackClock "0:00:02"]

1. e4 e6 2. d4 d5 3. Nd2 dxe4 4. Nxe4 Bd7 5. Nf3 Bc6 6. Bd3 Nd7 7. O-O Ngf6 8. Ng3 g6 9. Re1 Bg7 10. c3 O-O 11. Bf4 b6 12. Qe2 Bb7 13. Rad1 Re8 14. Ne5 a6 15. Bg5 h6 16. Bc1 Qe7 17. Nxd7 Qxd7 18. Ne4 Nxe4 19. Bxe4 Bxe4 20. Qxe4 a5 21. h4 h5 22. Rd3 a4 23. g4 hxg4 24. Qxg4 Qd5 25. Rg3 Ra5 26. Bf4 Qxa2 27. Be5 a3 28. bxa3 Qd2 29. Ree3 Bxe5 30. dxe5 Rd8 31. Kg2 Qd5+ 32. Rgf3 Kh7 33. Kh2 Qd7 34. h5 Rg8 35. Qg5 Ra4 36. Rh3 Kg7 37. hxg6 Kf8 38. g7+ Ke8 39. Rh8 Qd1 40. Rxg8+ 1-0


[Site "https://www.chess.com"]

[Event "Titled Tuesday Blitz June 21 Early 2022"]
[White "Taichman, Ori"]
[Black "Luo, Terry"]
[WhiteFideId "2804069"]
[BlackFideId "30931045"]
[WhiteElo "2227"]
[BlackElo "2024"]
[Result "1/2-1/2"]
[Round "10"]
[TimeControl "180+1"]
[Date "2022.06.22"]
[WhiteClock "0:00:53"]
[BlackClock "0:01:54"]

1. e4 c5 2. Nf3 d6 3. d4 cxd4 4. Nxd4 Nf6 5. Nc3 Nc6 6. Bg5 e6 7. Qd2 a6 8. O-O-O Bd7 9. f4 Be7 10. Kb1 b5 11. Nf3 b4 12. Bxf6 Bxf6 13. Ne2 Be7 14. Ned4 Nxd4 15. Qxd4 O-O 16. e5 d5 17. h4 Qa5 18. h5 Qc5 19. g4 Rfc8 20. Bd3 Qxd4 21. Nxd4 Bc5 22. Nb3 Be3 23. Rdf1 a5 24. Rf3 d4 25. Be4 Bc6 26. Nc5 a4 27. Bxc6 Rxc6 28. Nd3 Rb8 29. Rh2 b3 30. axb3 axb3 31. cxb3 Rxb3 32. Rc2 Rxc2 33. Kxc2 Rb8 34. b4 Kf8 35. Rf1 Rc8+ 36. Nc5 d3+ 37. Kxd3 Bxc5 38. bxc5 Rxc5 39. Kd4 Rd5+ 40. Ke4 Ra5 41. Rd1 Ra4+ 42. Rd4 Ra1 43. Rd8+ Ke7 44. Rh8 h6 45. g5 hxg5 46. fxg5 Re1+ 47. Kf4 Rf1+ 48. Kg4 Rg1+ 49. Kf4 Rf1+ 50. Kg4 Rg1+ 51. Kh4 Rh1+ 52. Kg3 Rg1+ 53. Kf4 Rf1+ 1/2-1/2


[Site "https://www.chess.com"]

[Event "Titled Tuesday Blitz June 21 Early 2022"]
[White "Tasev, Dejan"]
[Black "Tan, Zhongyi"]
[WhiteFideId "936618"]
[BlackFideId "8603642"]
[WhiteElo "2253"]
[BlackElo "2510"]
[Result "0-1"]
[Round "10"]
[TimeControl "180+1"]
[Date "2022.06.21"]
[WhiteClock "0:00:19"]
[BlackClock "0:00:54"]

1. e4 e5 2. Nf3 Nf6 3. Nxe5 d6 4. Nf3 Nxe4 5. Nc3 Nxc3 6. dxc3 Be7 7. Be3 O-O 8. Qd2 Nd7 9. O-O-O c6 10. Bd3 d5 11. h4 Re8 12. Ng5 h6 13. f3 Nc5 14. g4 b6 15. Kb1 Bf6 16. Rde1 Bd7 17. Nxf7 Kxf7 18. g5 Nxd3 19. Qxd3 hxg5 20. hxg5 Bxg5 21. f4 Bf6 22. Rhg1 Re4 23. Qd2 Bf5 24. Qd1 Qe7 25. Qh5+ g6 26. Qh7+ Bg7 0-1


[Site "https://www.chess.com"]

[Event "Titled Tuesday Blitz June 21 Early 2022"]
[White "Terry, Renato"]
[Black "Kosakowski, Jakub"]
[WhiteFideId "3803457"]
[BlackFideId "1185080"]
[WhiteElo "2577"]
[BlackElo "2476"]
[Result "0-1"]
[Round "10"]
[TimeControl "180+1"]
[Date "2022.06.21"]
[WhiteClock "0:00:01"]
[BlackClock "0:00:20"]

1. d4 Nf6 2. Bg5 d5 3. Bxf6 gxf6 4. e3 c5 5. c3 e6 6. Nf3 Nc6 7. Nbd2 Bd6 8. Be2 f5 9. O-O O-O 10. dxc5 Bxc5 11. c4 dxc4 12. Nxc4 b6 13. a3 Qf6 14. Rc1 Bb7 15. b4 Be7 16. b5 Na5 17. Nxa5 bxa5 18. Qa4 Kh8 19. Qxa5 Rg8 20. g3 Bd5 21. Qc3 Rgc8 22. Qxc8+ Rxc8 23. Rxc8+ Kg7 24. Rc7 Bxa3 25. Rxa7 Qb2 26. Ng5 Kg6 27. Nh3 Bd6 28. Rd7 Be5 29. Rxd5 exd5 30. Bf3 Qxb5 31. Rd1 d4 32. exd4 Bd6 33. Kg2 h5 34. Ng1 h4 35. Nh3 Qb3 36. Rc1 Qd3 37. Rc6 Qxd4 38. Nf4+ Kg7 39. Nh3 Be5 40. Rc2 Qd3 41. Re2 Bd6 42. Re1 Bc5 43. Re2 Qd4 44. Nf4 Bb6 45. Nh5+ Kh6 46. Nf4 Qc3 47. Nd5 h3+ 48. Kxh3 Qxf3 49. Rd2 Bxf2 50. Nf4 Be3 51. Rd3 Qg4+ 52. Kg2 Bxf4 53. Rf3 Be5 54. h3 Qe4 55. Kf2 Bd4+ 56. Kg2 Qe2+ 0-1


[Site "https://www.chess.com"]

[Event "Titled Tuesday Blitz June 21 Early 2022"]
[White "Timofeev, Artyom"]
[Black "Martinez Alcantara, Jose Eduardo"]
[WhiteFideId "4140419"]
[BlackFideId "3805662"]
[WhiteElo "2578"]
[BlackElo "2703"]
[Result "0-1"]
[Round "10"]
[TimeControl "180+1"]
[Date "2022.06.21"]
[WhiteClock "0:00:16"]
[BlackClock "0:00:10"]

1. e4 c5 2. Nc3 d6 3. Nf3 Nf6 4. d4 cxd4 5. Nxd4 Nc6 6. Bg5 e6 7. Qd2 a6 8. O-O-O Bd7 9. f4 Be7 10. Nf3 b5 11. Bxf6 gxf6 12. Kb1 Qa5 13. f5 h5 14. Bd3 O-O-O 15. Qf2 Kb7 16. Ne2 Qb6 17. Qh4 Ne5 18. Nf4 Rdg8 19. h3 Bc8 20. Be2 Kb8 21. Nd4 exf5 22. Nxf5 Bd8 23. Nxd6 Be6 24. Nf5 Qc5 25. Nd4 Bc8 26. Qe1 Bb7 27. Bf3 Nc4 28. Nd5 Ba5 29. Nb3 Qxd5 30. exd5 Bxe1 31. Rhxe1 Ne5 32. Nc5 Rd8 33. d6 Bc8 34. Rxe5 fxe5 35. d7 f5 36. dxc8=Q+ Kxc8 37. Rf1 e4 38. Bd1 a5 39. Kc1 Rd5 40. Ne6 h4 41. Nf4 Rd6 42. Be2 b4 43. Rd1 Rxd1+ 44. Kxd1 Kc7 45. Kd2 Kd6 46. Ke3 Rc8 47. Kd2 Rg8 48. c3 Ke5 49. Ke3 Rg3+ 50. Bf3 exf3 51. gxf3 bxc3 52. bxc3 Rg1 53. c4 Kd6 54. Nd3 Ra1 55. c5+ Kc6 56. Kf4 Rxa2 57. Kxf5 Ra3 58. Ke4 Ra1 59. f4 a4 60. f5 a3 61. f6 Rf1 62. Ke5 a2 63. Nb4+ Kxc5 64. Nxa2 Rf3 65. Ke6 Re3+ 66. Kf5 Rxh3 67. Kg4 Rh2 68. Nc3 Kd6 69. Ne4+ Ke6 70. Ng5+ Kxf6 71. Nf3 Rh1 72. Nxh4 Ke5 73. Nf3+ Ke4 74. Ng5+ Ke3 75. Kf5 Rh5 76. Kg6 Rh1 77. Kf5 Ra1 78. Ne6 Ra5+ 79. Kf6 Ke4 80. Ng5+ Kd5 81. Kf5 Ra1 82. Kf4 Rf1+ 83. Nf3 Rf2 84. Ke3 Ra2 85. Kf4 Ra3 86. Kf5 Rxf3+ 0-1


[Site "https://www.chess.com"]

[Event "Titled Tuesday Blitz June 21 Early 2022"]
[White "Tisaj, Domen"]
[Black "Yedidia, Daniel"]
[WhiteFideId "14628708"]
[BlackFideId "30905907"]
[WhiteElo "2326"]
[BlackElo "2611"]
[Result "1/2-1/2"]
[Round "10"]
[TimeControl "180+1"]
[Date "2022.06.21"]
[WhiteClock "0:00:06"]
[BlackClock "0:00:06"]

1. d4 Nf6 2. c4 e6 3. g3 c5 4. d5 exd5 5. cxd5 d6 6. Bg2 g6 7. Nc3 Bg7 8. Nf3 O-O 9. O-O Re8 10. Nd2 a6 11. a4 Nbd7 12. Nc4 Ne5 13. Nxe5 Rxe5 14. Bf4 Re8 15. a5 Nh5 16. Bc1 Bd7 17. Na4 Bb5 18. Re1 Qxa5 19. g4 Nf6 20. Bf4 Qc7 21. e4 Rad8 22. Nc3 Bd7 23. e5 dxe5 24. d6 Qb8 25. Bxe5 Nxg4 26. Bxg7 Kxg7 27. h3 Nh6 28. Qd5 Nf5 29. Red1 Bc6 30. Qxc5 Bxg2 31. Kxg2 Rxd6 32. Rxd6 Qxd6 33. Qxd6 Nxd6 34. Rd1 Nf5 35. Rd7 b5 36. Ra7 b4 37. Nd5 Re2 38. Nxb4 Rxb2 39. Nc6 Ne3+ 40. Kg1 Nd1 41. f3 Rb6 42. Ne5 Rf6 43. Kg2 Ne3+ 44. Kf2 Nc2 45. Kg3 Nd4 46. Rd7 Nf5+ 47. Kf2 Nd6 48. Ng4 Re6 49. Ra7 Nb5 50. Ra8 h5 51. Ne3 Nd4 52. Nd5 Re5 53. Rd8 h4 54. Nc7 Ne6 55. Ne8+ Kh6 56. Ra8 a5 57. Nf6 Kg7 58. Ne8+ Kh6 59. Nf6 Rf5 60. Ng4+ Kg7 61. Ne3 Rb5 62. Nc4 Nf4 63. Nd6 Rg5 64. Ra7 Nxh3+ 65. Ke3 Re5+ 66. Kd4 Re6 67. Nxf7 Kf6 68. Nh6 Kg5 69. Ng4 Kf4 70. Rxa5 Kxf3 71. Ne5+ Kg3 72. Ra3+ Kf4 73. Rxh3 Rd6+ 74. Kc5 Re6 75. Nd3+ Kg4 76. Rh2 g5 77. Rg2+ Kh5 78. Rg1 Re3 79. Kd4 Rg3 80. Rxg3 hxg3 81. Ke3 Kg4 82. Ne1 Kh3 83. Kf3 g4+ 84. Kf4 g2 85. Nxg2 Kxg2 86. Kxg4 1/2-1/2


[Site "https://www.chess.com"]

[Event "Titled Tuesday Blitz June 21 Early 2022"]
[White "Tologon tegin, Semetei"]
[Black "Rustemov, Alexander"]
[WhiteFideId "13800574"]
[BlackFideId "4119002"]
[WhiteElo "2174"]
[BlackElo "2736"]
[Result "1/2-1/2"]
[Round "10"]
[TimeControl "180+1"]
[Date "2022.06.21"]
[WhiteClock "0:00:13"]
[BlackClock "0:00:11"]

1. e4 e6 2. d3 d5 3. Nd2 c5 4. Ngf3 Nc6 5. g3 g6 6. Bg2 Bg7 7. O-O Nge7 8. Re1 b6 9. c3 h6 10. Nf1 dxe4 11. dxe4 Qxd1 12. Rxd1 Bb7 13. h4 Rd8 14. Bf4 f6 15. N3d2 g5 16. hxg5 hxg5 17. Be3 Ba6 18. Nb3 Ne5 19. Rxd8+ Kxd8 20. Rd1+ Kc7 21. Nc1 g4 22. b3 N7g6 23. c4 Bb7 24. Ne2 f5 25. Nf4 Nxf4 26. Bxf4 Bxe4 27. Bxe4 fxe4 28. Re1 Kd7 29. Bxe5 Bxe5 30. Rxe4 Bd4 31. Rxg4 Rf8 32. Rf4 Rd8 33. Kg2 a6 34. Kf3 b5 35. Ne3 Kd6 36. Rf7 Ra8 37. Ke4 b4 38. Nc2 Bc3 39. a4 bxa3 40. Nxa3 Rb8 41. Ra7 Rxb3 42. Rxa6+ Ke7 43. Nb5 Be1 44. Ra7+ Kf6 45. Ra3 Rxa3 46. Nxa3 Bxf2 47. g4 Kg5 48. Ke5 Kxg4 49. Kxe6 Kf3 50. Kd5 Ke2 51. Nb5 Kd3 52. Nd6 Bg1 53. Ne4 Kc2 54. Nxc5 Kc3 55. Na6 Kb3 56. Nc7 Kb4 57. Ne6 Ka5 58. Nd4 Kb6 59. c5+ Kc7 60. Ne6+ Kd7 61. c6+ Kc8 62. Nc5 Bxc5 63. Kxc5 Kc7 64. Kb5 Kc8 65. Kb6 Kb8 66. Kc5 Kc7 67. Kd5 Kc8 68. Kc4 Kc7 69. Kc5 Kc8 70. Kb4 Kc7 71. Kb5 Kc8 72. Kc5 Kc7 1/2-1/2


[Site "https://www.chess.com"]

[Event "Titled Tuesday Blitz June 21 Early 2022"]
[White "Toncheva, Nadya"]
[Black "Tregubov, Pavel V."]
[WhiteFideId "2924056"]
[BlackFideId "4115341"]
[WhiteElo "1888"]
[BlackElo "2341"]
[Result "0-1"]
[Round "10"]
[TimeControl "180+1"]
[Date "2022.06.22"]
[WhiteClock "0:00:03"]
[BlackClock "0:00:23"]

1. e4 c5 2. Nf3 e6 3. d4 cxd4 4. Nxd4 Nc6 5. Nc3 Nf6 6. Nxc6 bxc6 7. e5 Nd5 8. Ne4 Qc7 9. f4 Qb6 10. Qf3 Bb7 11. a3 c5 12. Bd3 Be7 13. c4 f5 14. cxd5 Bxd5 15. Qe2 c4 16. Nd6+ Bxd6 17. Bxf5 O-O 18. Bxh7+ Kxh7 19. exd6 Qxd6 20. O-O Rf6 21. Be3 Qc6 22. Bd4 Rg6 23. Qh5+ Rh6 24. Qe2 Bxg2 25. Qxg2 Rg6 26. Rf3 Rxg2+ 27. Kxg2 Rf8 28. Kf2 d6 29. Rg1 e5 30. Be3 Kg8 31. Rfg3 Rf7 32. Ke2 exf4 0-1


[Site "https://www.chess.com"]

[Event "Titled Tuesday Blitz June 21 Early 2022"]
[White "Vakhlamov, Igor L."]
[Black "Cunha, Lucas Aguiar"]
[WhiteFideId "24126748"]
[BlackFideId "2125404"]
[WhiteElo "2401"]
[BlackElo "2328"]
[Result "1-0"]
[Round "10"]
[TimeControl "180+1"]
[Date "2022.06.21"]
[WhiteClock "0:01:42"]
[BlackClock "0:00:13"]

1. e4 c5 2. Nf3 e6 3. Nc3 Nc6 4. Bb5 Nge7 5. O-O Qc7 6. d4 cxd4 7. Nxd4 Nxd4 8. Qxd4 Nc6 9. Bxc6 bxc6 10. e5 Rb8 11. Bf4 Rxb2 12. Ne4 Rb4 13. c4 c5 14. Qc3 Qc6 15. Rfe1 Bb7 16. a3 Rb6 17. f3 Be7 18. h4 O-O 19. h5 f5 20. exf6 gxf6 21. Rad1 d5 22. cxd5 exd5 23. Ng3 d4 24. Qc4+ Qd5 25. Qxd5+ Bxd5 26. Rxe7 Rf7 27. Re8+ Rf8 28. Re7 Rf7 29. Nf5 Re6 30. Rxe6 Bxe6 31. Nh6+ 1-0


[Site "https://www.chess.com"]

[Event "Titled Tuesday Blitz June 21 Early 2022"]
[White "Veiga, Jose Francisco R P Neves"]
[Black "Martin Carmona, Gaston Manuel"]
[WhiteFideId "1930087"]
[BlackFideId "22284567"]
[WhiteElo "2326"]
[BlackElo "2162"]
[Result "1-0"]
[Round "10"]
[TimeControl "180+1"]
[Date "2022.06.22"]
[WhiteClock "0:00:16"]
[BlackClock "0:01:07"]

1. Nf3 Nf6 2. c4 e6 3. Nc3 c5 4. g3 b6 5. Bg2 Bb7 6. O-O Be7 7. d4 O-O 8. d5 exd5 9. cxd5 d6 10. e4 a6 11. a4 Re8 12. Nd2 Nbd7 13. Nc4 Bf8 14. Re1 g6 15. h3 Ne5 16. Nxe5 Rxe5 17. Bf4 Re8 18. Qb3 Nd7 19. Be3 Ne5 20. f4 Nd7 21. Rad1 Bg7 22. Kh2 h5 23. Qc4 h4 24. g4 g5 25. fxg5 Ne5 26. Qf1 Qd7 27. Rd2 Rab8 28. Qf5 Qe7 29. Bf1 Bc8 30. Qf2 Bxg4 31. Bg2 b5 32. axb5 axb5 33. Qxh4 Nf3+ 34. Bxf3 Bxf3 35. Rf2 Bxc3 36. bxc3 Qxe4 37. Qxe4 Bxe4 38. Bf4 Rbd8 39. Rfe2 f5 40. gxf6 Bg6 41. Rxe8+ Bxe8 42. Re7 Bf7 43. h4 Bxd5 44. Rg7+ Kh8 45. h5 Rf8 46. Bxd6 Rxf6 47. Rd7 Rf5 48. Bxc5 Rxh5+ 49. Kg3 Bc6 50. Bd4+ Kg8 51. Rg7+ Kf8 52. Rg6 Be4 53. Rf6+ Ke7 54. Rb6 Bd3 55. Kf4 Kd7 56. Ke3 Bc4 57. Rg6 Kc7 58. Kf4 Rh4+ 59. Ke5 Bd3 60. Rg7+ Kc6 61. Re7 Re4+ 62. Kf6 Rf4+ 63. Ke5 Rf5+ 64. Ke6 Rh5 65. Ra7 Bc4+ 66. Kf6 Kd5 67. Rd7+ Ke4 68. Re7+ Kd3 69. Re3+ Kc2 70. Re5 Rh6+ 71. Kg5 Rh4 72. Kxh4 1-0


[Site "https://www.chess.com"]

[Event "Titled Tuesday Blitz June 21 Early 2022"]
[White "Vidonyak, Roman"]
[Black "Hansen, Eric"]
[WhiteFideId "14100622"]
[BlackFideId "2606771"]
[WhiteElo "2371"]
[BlackElo "2568"]
[Result "0-1"]
[Round "10"]
[TimeControl "180+1"]
[Date "2022.06.22"]
[WhiteClock "0:01:48"]
[BlackClock "0:02:20"]

1. d4 Nf6 2. c4 e6 3. Nc3 Bb4 4. e3 O-O 5. Bd2 b6 6. Nf3 Bb7 7. Bd3 d5 8. cxd5 exd5 9. Rc1 a6 10. O-O Re8 11. Ne5 Bd6 12. f4 c5 13. Be1 cxd4 14. exd4 Ne4 15. Nxe4 dxe4 16. Qb3 Bxe5 17. fxe5 Qxd4+ 0-1


[Site "https://www.chess.com"]

[Event "Titled Tuesday Blitz June 21 Early 2022"]
[White "Vifleemskaia, Svetlana"]
[Black "Dushyant Sharma"]
[WhiteFideId "4129490"]
[BlackFideId "25065130"]
[WhiteElo "1929"]
[BlackElo "2105"]
[Result "0-1"]
[Round "10"]
[TimeControl "180+1"]
[Date "2022.06.22"]
[WhiteClock "0:00:13"]
[BlackClock "0:01:44"]

1. d4 d5 2. c4 e6 3. Nc3 c6 4. cxd5 exd5 5. Qc2 f5 6. Bf4 Nf6 7. e3 Bd6 8. Nf3 O-O 9. Bd3 Ne4 10. O-O Qe7 11. Bxd6 Qxd6 12. Ne5 Nd7 13. f4 Nxe5 14. fxe5 Qe7 15. Bxe4 fxe4 16. Rxf8+ Qxf8 17. Rf1 Qe7 18. a3 Be6 19. b4 a5 20. Qb2 axb4 21. Qxb4 Qxb4 22. axb4 Ra3 23. Rc1 Rb3 24. Kf2 Rxb4 25. Ra1 Rb2+ 26. Kg3 Rb3 27. Nd1 g5 28. h4 h6 29. hxg5 hxg5 30. Ra8+ Kg7 31. Re8 Kf7 32. Rh8 Rd3 33. Rh7+ Kg6 34. Re7 Kf5 35. Re8 Bf7 36. Re7 Bh5 37. Nf2 Rxe3+ 38. Kh2 Re2 39. g4+ Bxg4 40. Rf7+ Ke6 41. Kg3 Kxf7 0-1


[Site "https://www.chess.com"]

[Event "Titled Tuesday Blitz June 21 Early 2022"]
[White "Wagner, Dennis"]
[Black "Steinberg, Nitzan"]
[WhiteFideId "24650684"]
[BlackFideId "2801795"]
[WhiteElo "2355"]
[BlackElo "2471"]
[Result "0-1"]
[Round "10"]
[TimeControl "180+1"]
[Date "2022.06.21"]
[WhiteClock "0:00:20"]
[BlackClock "0:00:17"]

1. d4 d5 2. Nf3 Nf6 3. c4 c6 4. Nc3 e6 5. g3 dxc4 6. Bg2 Nbd7 7. O-O Be7 8. a4 a5 9. e4 O-O 10. Qe2 b6 11. Rd1 Ba6 12. h4 Re8 13. Bf4 h6 14. Nd2 Qc8 15. Nxc4 b5 16. axb5 cxb5 17. e5 bxc4 18. exf6 Nxf6 19. Bxa8 Qxa8 20. Rxa5 Bb4 21. Ra4 Bxc3 22. bxc3 Qc6 23. Rda1 Bb7 24. f3 Rc8 25. Ra7 Qxf3 26. Qxf3 Bxf3 27. Rc7 Rb8 28. Rxf7 Kxf7 29. Bxb8 Bd5 30. Ra3 Ne4 31. Kf1 g5 32. hxg5 hxg5 33. Ke2 Kg6 34. Kd1 Kf5 35. Kc2 Kg4 36. Ra1 Nf2 37. Rf1 Kf3 38. Be5 Ke2 39. Ra1 Nd3 40. Ra7 g4 41. Rg7 Kf3 42. Bd6 Be4 43. Kd2 Nf2 44. Rf7+ Kg2 45. Ke3 Bf3 46. Rf6 Ne4 47. Rxe6 Nxc3 48. Bb4 Nd5+ 49. Kd2 Nxb4 50. Kc3 Nd5+ 51. Kxc4 Kxg3 52. Re5 Kf4 53. Re8 g3 54. Rf8+ Ke3 55. Rg8 Kf2 56. Kc5 g2 57. Rxg2+ Kxg2 58. Kd6 Kf2 59. Ke5 Ke3 60. Ke6 Kxd4 61. Kd6 Bg4 62. Kc6 Ke5 63. Kc5 Bd7 64. Kc4 Ne3+ 65. Kb3 Kd4 66. Kb2 Kc4 67. Kc1 Kc3 68. Kb1 Nc2 69. Kc1 Be6 70. Kb1 Bc4 71. Kc1 Ba2 72. Kd1 Nd4 73. Ke1 Kd3 74. Kf2 Ne2 75. Kf3 Be6 76. Kf2 Bg4 77. Ke1 Nd4 78. Kf2 Nf5 79. Ke1 Ke3 80. Kf1 Ng3+ 81. Ke1 Ne4 82. Kf1 Bf3 83. Ke1 Nc5 84. Kf1 Nd3 85. Kg1 Kf4 86. Kf1 Kg3 87. Kg1 Be2 88. Kh1 Nf4 89. Kg1 Nh3+ 90. Kh1 Bf3# 0-1


[Site "https://www.chess.com"]

[Event "Titled Tuesday Blitz June 21 Early 2022"]
[White "Warchol, Kamil"]
[Black "Sovetbekova, Nurai"]
[WhiteFideId "21858241"]
[BlackFideId "13801910"]
[WhiteElo "1951"]
[BlackElo "1646"]
[Result "0-1"]
[Round "10"]
[TimeControl "180+1"]
[Date "2022.06.22"]
[WhiteClock "0:00:01"]
[BlackClock "0:00:05"]

1. e4 c5 2. Nf3 d6 3. d4 cxd4 4. Nxd4 Nf6 5. Nc3 a6 6. f4 e5 7. Nf3 Nbd7 8. a4 Qc7 9. Bd3 Be7 10. O-O O-O 11. Qe1 b6 12. Qg3 exf4 13. Bxf4 Nh5 14. Nd5 Qc5+ 15. Qf2 Qxf2+ 16. Rxf2 Nxf4 17. Nxe7+ Kh8 18. Ng5 Nxd3 19. Nxf7+ Rxf7 20. Rxf7 N3e5 21. Raf1 Nxf7 22. Rxf7 Bb7 23. Nf5 Bxe4 24. Nxd6 Nf6 25. Rxf6 gxf6 26. Nxe4 Kg7 27. Kf2 f5 28. Nc3 Rd8 29. Ke3 Kf6 30. g3 Ke5 31. Ke2 Rc8 32. Kd3 Rc5 33. b4 Rc7 34. Ne2 Rd7+ 35. Ke3 Rc7 36. Kd3 Rg7 37. c4 Rd7+ 38. Ke3 Rd1 39. Nc3 Rc1 40. Kd2 Ra1 41. Kd3 Rh1 42. c5 bxc5 43. bxc5 Rxh2 44. Kc4 Rh3 45. c6 Rxg3 46. Nd5 Rg8 47. Kc5 Rc8 48. c7 Rxc7+ 0-1


[Site "https://www.chess.com"]

[Event "Titled Tuesday Blitz June 21 Early 2022"]
[White "Winkels, Marcel"]
[Black "Sanchez, Robert"]
[WhiteFideId "1003887"]
[BlackFideId "2034360"]
[WhiteElo "1900"]
[BlackElo "1997"]
[Result "1-0"]
[Round "10"]
[TimeControl "180+1"]
[Date "2022.06.22"]
[WhiteClock "0:01:30"]
[BlackClock "0:01:24"]

1. e4 e6 2. d4 d5 3. exd5 exd5 4. Nf3 Nf6 5. Bf4 Be7 6. Bd3 O-O 7. h3 c6 8. O-O h6 9. c3 Be6 10. Nbd2 Nbd7 11. Re1 Re8 12. Nf1 Nf8 13. Ng3 Bd6 14. Bxd6 Qxd6 15. Nf5 Bxf5 16. Bxf5 Qf4 17. Bd3 Rxe1+ 18. Qxe1 Re8 19. Qd2 Qxd2 20. Nxd2 Ne6 21. g3 Ng5 22. Kg2 Nge4 23. Nb3 Kf8 24. Na5 Re7 25. Re1 Rc7 26. f3 Nd6 27. g4 b6 28. Nb3 Re7 29. Rxe7 Kxe7 30. h4 Nc4 31. Bxc4 dxc4 32. Nd2 b5 33. Ne4 Nd5 34. Kf2 Nf4 35. b3 Nd3+ 36. Ke3 Nc1 37. bxc4 bxc4 38. a3 Na2 39. Kd2 Ke6 40. Kc2 f5 41. Nc5+ Kd5 42. Kb2 fxg4 43. fxg4 1-0


[Site "https://www.chess.com"]

[Event "Titled Tuesday Blitz June 21 Early 2022"]
[White "Xu, Yi"]
[Black "Sadhwani, Raunak"]
[WhiteFideId "8605564"]
[BlackFideId "35093487"]
[WhiteElo "2471"]
[BlackElo "2616"]
[Result "1-0"]
[Round "10"]
[TimeControl "180+1"]
[Date "2022.06.21"]
[WhiteClock "0:00:26"]
[BlackClock "0:00:29"]

1. e4 e5 2. Nf3 Nc6 3. Bc4 d6 4. O-O Be7 5. c3 f5 6. exf5 Bxf5 7. d4 e4 8. d5 exf3 9. dxc6 fxg2 10. Re1 bxc6 11. Bxg8 Kd7 12. Qf3 g6 13. Bb3 Rb8 14. Be3 d5 15. Nd2 Bd6 16. Bf4 a5 17. Bxd6 cxd6 18. Rad1 Qh4 19. c4 Rhf8 20. cxd5 Bg4 21. dxc6+ Kc7 22. Qe3 Bxd1 23. Qa7+ Kxc6 24. Rxd1 Rb5 25. Nc4 d5 26. Qa6+ Kc7 27. Qd6+ Kb7 28. Qxf8 1-0


[Site "https://www.chess.com"]